 Dungeon Crawl Stone Soup version 0.30.0-29-ga12c61a403 (webtiles) character file.

Game seed: 2930151980991166486

14103 BONEBRO the Cleaver (level 12, -5/91 HPs)
             Began as a Hill Orc Fighter on June 14, 2023.
             Was a Priest of Beogh.
             Slain by a 12-headed hydra (11 damage)
             ... on level 2 of the Lair of Beasts on June 15, 2023.
             The game lasted 00:42:34 (11147 turns).

BONEBRO the Cleaver (Hill Orc Fighter)             Turns: 11147, Time: 00:42:35

Health: -5/91      AC: 19    Str: 24    XL:     12   Next: 13%
Magic:  19/19      EV:  7    Int:  8    God:    Beogh [***...]
Gold:   761        SH:  6    Dex: 10    Spells: 11/11 levels left

rFire   . . .        N - +5 hand axe "Embalmer" {heavy, rPois}
rCold   . . .        c - +0 buckler
rNeg    . . .        M - +0 plate armour
rPois   +            (no helmet)
rElec   .            (no cloak)
rCorr   +            K - +2 pair of gloves
SInv    .            (no boots)
Will    .....        (no amulet) Stlth
                     j - ring of resist corrosion
HPRegen 0.35/turn    o - ring of flight
MPRegen 0.16/turn

%: no passive effects
@: flying
A: no striking features
a: Renounce Religion, Smiting


You were on level 2 of the Lair of Beasts.
You worshipped Beogh.
Beogh was most pleased with you.
You visited 2 branches of the dungeon, and saw 11 of its levels.
You also visited: Sewer.

You collected 761 gold pieces.

Inventory:

Hand Weapons
 a - a +0 war axe
 u - a +0 hand axe of distortion
 x - the +1 spear of the Green God {freeze, rCorr}
   (You found it on level 4 of the Dungeon)

   rCorr:     It protects you from acid and corrosion.
 y - a +5 dire flail of freezing
 N - the +5 hand axe "Embalmer" (weapon) {heavy, rPois}
   (You found it on level 8 of the Dungeon)

   rPois:     It protects you from poison.
Missiles
 d - 35 poisoned darts
 n - 7 javelins (quivered)
Armour
 b - a +0 scale mail
 c - a +0 buckler (worn)
 p - a +3 leather armour of cold resistance
 s - +0 steam dragon scales
 K - a +2 pair of gloves (worn)
 M - a +0 plate armour (worn)
 O - +0 acid dragon scales
Jewellery
 f - an amulet of magic regeneration
 j - a ring of resist corrosion (left hand)
 o - a ring of flight (right hand)
 I - a ring of wizardry
 P - a ring of wizardry
Wands
 E - a wand of flame (3)
 R - a wand of charming (3)
Scrolls
 e - 8 scrolls of enchant weapon
 i - a scroll of blinking {unknown}
 k - 2 scrolls of noise
 l - 5 scrolls of amnesia
 w - 2 scrolls of silence
 z - 2 scrolls of fear {unknown}
 A - a scroll of enchant armour {unknown}
 D - 2 scrolls of teleportation
 G - 4 scrolls of vulnerability
 Q - a scroll of poison {unknown}
Potions
 g - 2 potions of degeneration {unknown}
 h - 5 potions of curing
 q - 2 potions of haste
 r - 3 potions of cancellation
 t - a potion of experience {unknown}
 v - a potion of mutation {unknown}
 B - 2 potions of flight {unknown}
 C - 2 potions of brilliance {unknown}
 F - 3 potions of lignification
 J - 2 potions of berserk rage {unknown}
 L - 4 potions of attraction {unknown}


   Skills:
 - Level 4.0 Fighting
 - Level 14.0 Axes
 + Level 12.8 Armour
 - Level 10.0 Shields
 - Level 10.0 Invocations


You had 11 spell levels left.
You didn't know any spells.
Your spell library contained the following spells:

 Spells                   Type           Power      Damage    Failure   Level
 Beastly Appendage        Tmut           0%         N/A       99%         1
 Wereblood                Tmut           0%         N/A       100%        2
 Spider Form              Tmut/Pois      0%         N/A       100%        3
 Tukima's Dance           Hex            0%         N/A       100%        3
 Volatile Blastmotes      Fire/Tloc      0%         2d10      100%        3
 Fulminant Prism          Conj/Hex       0%         3d5       100%        4
 Iskenderun's Mystic Bla  Conj/Tloc      0%         2d3       100%        4
 Olgreb's Toxic Radiance  Pois           0%         N/A       100%        4
 Passage of Golubria      Tloc           0%         N/A       100%        4
 Lee's Rapid Deconstruct  Erth           0%         3d4*      100%        5
 Yara's Violent Unravell  Hex/Tmut       0%         3d3       100%        5
 Discord                  Hex            0%         N/A       100%        8
 Ignition                 Fire           0%         3d3       100%        8


Dungeon Overview and Level Annotations

Branches:
Dungeon (9/15)             Temple (0/1) D:4            Lair (2/5) D:9
  Sewer (visited)
  Swamp: Lair:2-3    Shoals: Lair:2-3     Snake: Lair:2-3    Spider: Lair:2-3
    Orc: D:9-12

Altars:
Dithmenos
Gozag
Hepliaklqana
Makhleb
Okawaru
Qazlal
Ru
Trog
Vehumet
Xom
The Shining One

Shops:
D:5 :   D:6 (


Message History

The cane toad is moderately wounded.
The cane toad stings you!
You slash the cane toad!
The cane toad is heavily wounded.
The cane toad misses you.
You slash the cane toad!
The cane toad is severely wounded.
The cane toad closely misses you.
You slash the cane toad!
You kill the cane toad!
Beogh accepts your kill.
You start resting.
You hear the loud beating of a distant drum.
You start resting.
A 12-headed hydra is nearby!
The 12-headed hydra attacks as you move away!
The 12-headed hydra bites you.
The 12-headed hydra bites you but does no damage.
You block the 12-headed hydra's attack. The 12-headed hydra barely misses you.
You block the 12-headed hydra's attack.
The 12-headed hydra bites you but does no damage. x3
The 12-headed hydra bites you!
The 12-headed hydra bites you but does no damage. x3
A cane toad comes into view.
The cane toad croaks.
The cane toad attacks as you move away! The cane toad stings you.
The cane toad attacks as you move away! The cane toad stings you.
There is a stone staircase leading up here.
The cane toad stings you. x2
* * * LOW HITPOINT WARNING * * *
The 12-headed hydra bites you!
* * * LOW HITPOINT WARNING * * *
The 12-headed hydra bites you but does no damage. x2
The 12-headed hydra bites you.
* * * LOW HITPOINT WARNING * * *
The 12-headed hydra bites you but does no damage.
The 12-headed hydra bites you!
* * * LOW HITPOINT WARNING * * *
The 12-headed hydra bites you!
You die...

#...##### #....##
#....##.###.....#
##..............##
#................#
##...............#
#......#..#....†##
#......###.......#
#..FD..####......###
#..@....###......##.
#......###..........
##..................
#######.#.#####....
##.## ####. ### ##


You could see a 12-headed hydra and a cane toad.

Vanquished Creatures
  Erica (D:9)
  A catoblepas (Lair:1)
  A boulder beetle (D:9)
  Pikel (D:8)
  A lindwurm (Lair:1)
  2 elephants (Lair:1)
  Maggie (D:8)
  2 cane toads
  2 komodo dragons (Lair:1)
  2 rime drakes (Lair:1)
  A troll (D:9)
  6 blink frogs (Lair:1)
  Eustachio (D:4)
  A basilisk (Lair:1)
  A wraith (D:9)
  4 wyverns
  18 yaks
  2 steam dragons (D:9)
  5 water moccasins
  3 orc warriors
  3 black bears
  An ice beast (D:6)
  A lemure (D:8)
  A centaur (D:8)
  A phantom (D:6)
  4 kobold brigands
  11 bullfrogs
  A gnoll sergeant (D:7)
  5 scorpions
  4 wights (D:6)
  5 killer bees (D:9)
  3 hounds
  3 jellies
  4 orc priests
  3 orc wizards
  2 iguanas
  8 gnolls
  3 adders
  4 river rats (Sewer)
  A shadow imp (D:5)
  2 white imps
  3 ufetubi
  2 worms
  2 dart slugs
  22 orcs
  5 endoplasms
  4 giant cockroaches
  5 goblins
  5 hobgoblins
  17 kobolds
  4 quokkas
  3 ball pythons
  3 bats
  2 frilled lizards (D:2)
  18 rats
221 creatures vanquished.

Vanquished Creatures (others)
  3 yaks (D:9)
  A giant cockroach (D:3)
  A goblin (D:3)
5 creatures vanquished.

Grand Total: 226 creatures vanquished

Notes
Turn   | Place    | Note
-------+----------+-------------------------------------------
     0 | D:1      | BONEBRO the Hill Orc Fighter began the quest for the Orb.
     0 | D:1      | Reached XP level 1. HP: 19/19 MP: 1/1
   323 | D:1      | Reached XP level 2. HP: 27/27 MP: 2/2
   468 | D:1      | Reached skill level 3 in Axes
  1060 | D:2      | Reached XP level 3. HP: 33/33 MP: 3/3
  1784 | D:3      | Reached skill level 4 in Axes
  1864 | D:3      | Reached XP level 4. HP: 40/40 MP: 4/4
  1866 | D:3      | Found a glowing drain.
  1870 | Sewer    | Entered a sewer
  1985 | Sewer    | Noticed a kobold brigand
  1994 | Sewer    | Killed a kobold brigand
  1995 | Sewer    | Reached skill level 6 in Axes
  1995 | Sewer    | Reached XP level 5. HP: 38/46 MP: 5/5
  2188 | Sewer    | Noticed a kobold brigand
  2207 | Sewer    | Killed a kobold brigand
  2208 | Sewer    | Reached skill level 7 in Axes
  2208 | Sewer    | Reached XP level 6. HP: 27/52 MP: 6/6
  2378 | Sewer    | Reached skill level 8 in Axes
  2678 | D:3      | Became a worshipper of Beogh the Brigand
  3140 | D:3      | Found an iron altar of Okawaru.
  3140 | D:3      | Found a burning altar of Makhleb.
  3360 | D:4      | Reached skill level 9 in Axes
  3360 | D:4      | Reached XP level 7. HP: 31/59 MP: 7/7
  3476 | D:4      | Identified the +1 spear of the Green God {freeze, rCorr}
  3480 | D:4      | Noticed Eustachio
  3534 | D:4      | Killed Eustachio
  3535 | D:4      | Reached skill level 10 in Axes
  3806 | D:4      | Found a staircase to the Ecumenical Temple.
  3892 | D:4      | Reached skill level 5 in Armour
  4283 | D:5      | Entered Level 5 of the Dungeon
  4310 | D:5      | Reached XP level 8. HP: 63/66 MP: 8/8
  4330 | D:5      | Found Gentef's Tiny Tomes.
  5155 | D:6      | Reached * piety under Beogh
  5495 | D:6      | Found Xuppinoq's Antique Weapon Emporium.
  5827 | D:6      | Reached XP level 9. HP: 41/64 MP: 9/9
  6143 | D:6      | Reached skill level 10 in Armour
  6293 | D:7      | Found a stormy altar of Qazlal.
  6303 | D:7      | Found a radiant altar of Vehumet.
  6304 | D:7      | Found a shadowy altar of Dithmenos.
  6473 | D:7      | Found a sacrificial altar of Ru.
  6477 | D:7      | Reached skill level 5 in Shields
  6917 | D:7      | Found a glowing golden altar of the Shining One.
  7134 | D:8      | Noticed Pikel
  7135 | D:8      | Identified the +5 hand axe "Embalmer" {heavy, rPois}
  7162 | D:8      | Killed Pikel
  7519 | D:8      | Found a bloodstained altar of Trog.
  7644 | D:8      | Reached XP level 10. HP: 78/78 MP: 10/10
  7787 | D:8      | Noticed Maggie
  7804 | D:8      | Killed Maggie
  7805 | D:8      | Reached skill level 10 in Shields
  7942 | D:9      | Found a staircase to the Lair.
  7998 | D:9      | Reached skill level 1 in Invocations
  8296 | D:9      | Found an opulent altar of Gozag.
  8296 | D:9      | Noticed a boulder beetle
  8305 | D:9      | Reached ** piety under Beogh
  8311 | D:9      | Reached skill level 5 in Invocations
  8336 | D:9      | Killed a boulder beetle
  8619 | D:9      | Reached skill level 10 in Invocations
  8679 | D:9      | Found a shimmering altar of Xom.
  8690 | D:9      | Reached XP level 11. HP: 70/84 MP: 18/18
  8705 | D:9      | Reached skill level 11 in Axes
  8720 | D:9      | Reached skill level 12 in Axes
  8939 | D:9      | Found a hazy altar of Hepliaklqana.
  8939 | D:9      | Noticed Erica
  8966 | D:9      | Killed Erica
  9226 | D:9      | Noticed a seven-headed hydra
  9229 | D:9      | Noticed a green ugly thing
  9411 | Lair:1   | Entered Level 1 of the Lair of Beasts
  9431 | Lair:1   | Reached skill level 13 in Axes
  9824 | Lair:1   | Reached *** piety under Beogh
  9893 | Lair:1   | Reached skill level 14 in Axes
  9991 | Lair:1   | Identified the +5 shortbow of Fyriahaw {freeze, *Corrode
                  | Dex+3 Stlth+}
 10470 | Lair:1   | Found a runed translucent door.
 10631 | Lair:1   | Noticed a lindwurm
 10631 | Lair:1   | Noticed a catoblepas
 10647 | Lair:1   | Killed a catoblepas
 10648 | Lair:1   | Reached XP level 12. HP: 60/91 MP: 19/19
 10983 | Lair:2   | Found a bloodstained altar of Trog.
 11017 | Lair:2   | Noticed a seven-headed hydra
 11147 | Lair:2   | Slain by a 12-headed hydra

Illustrated notes

Levels and vault maps discovered:
D:1:      heliophobic_arrival_enchanted_forest, layout_basic,
          minmay_misc_feat_cross, chequers_big_river
D:2:      layout_basic, minmay_crystal_water
D:3:      layout_loops_corners, gammafunk_temple_overflow_pools,
          gup_sewer_entry_spiral
D:4:      layout_loops_ring, minmay_temple_entry_junction, uniq_eustachio
D:5:      layout_rooms, nicolae_shop_i_like_small_books_too
D:6:      layout_rooms, serial_shops, shop
D:7:      layout_loops_ring, nicolae_ru_awakened_eye,
          grunt_temple_overflow_open, kennysheep_mini
D:8:      layout_loops_cross, amcnicky_altar_gilded, uniq_pikel, uniq_maggie
D:9:      layout_rooms, mainiacjoe_overflow_paths, xom_confusion_cloud,
          lemuel_tele_altar, lair_entry_dummy, solitary_fountain,
          lightli_corner_chamber, uniq_erica
Lair:1:   gammafunk_lair_enchanted_lake, layout_loops_ring, lemuel_fruit_fields
Lair:2:   layout_chaotic_city, hellmonk_spider_entry_not_the_bees,
          gauntlet_entry_generic, basic_altar, worms_lemuel

Skill      XL: |  1  2  3  4  5  6  7  8  9 10 11 |
---------------+----------------------------------+-----
Axes           | 3 4 6 7 9 10 14 | 14.0
Fighting       | 4 |  4.0
Armour         | 5 9 10 12 | 12.8
Shields        | 9 10 | 10.0
Invocations    | 10 | 10.0

Action                     |  1- 3 |  4- 6 |  7- 9 | 10-12 || total
---------------------------+-------+-------+-------+-------++-------
  Melee: War axe           |   101 |   130 |   350 |       ||   581
         Hand axe          |       |       |    22 |   319 ||   341
 Invoke: Convert to Beogh  |       |     1 |       |       ||     1
  Evoke: Wand              |       |       |     1 |       ||     1
    Use: Potion            |       |     1 |     5 |    13 ||    19
         Scroll            |       |     3 |     5 |     5 ||    13
   Stab: Petrified         |       |       |       |     4 ||     4
 Armour: Scale mail        |    44 |    37 |   117 |       ||   198
         Plate armour      |       |       |    28 |   183 ||   211
  Dodge: Dodged            |    48 |    43 |   131 |   108 ||   330
  Block: Buckler           |    28 |    21 |    64 |    90 ||   203
